 Dungeon Crawl Stone Soup version 0.18.1-50-g88ac8fd (webtiles) character file.

879 Gargoyl the Covered (level 7, -4/56 HPs)
             Began as a Demonspawn Abyssal Knight on Sept 13, 2016.
             Was a Priest of Lugonu.
             Slain by Pikel
             ... wielding a +0 whip of electrocution
              (19 damage)
             ... on level 5 of the Dungeon.
             The game lasted 00:11:03 (6024 turns).

Gargoyl the Covered (Demonspawn Abyssal Knight)     Turns: 6024, Time: 00:11:04

Health: -4/56      AC: 19    Str: 12 (14) XL:     7   Next: 75%
Magic:  8/8        EV:  4    Int: 17 (19) God:    Lugonu [***...]
Gold:   201        SH:  0    Dex: 12      Spells: 0 memorised, 6 levels left

rFire  . . .     SeeInvis .     y - +0 war axe
rCold  + . .     Gourm    +     f - +0 plate armour (curse)
rNeg   . . .     Faith    .     (no shield)
rPois  .         Spirit   .     j - +0 helmet
rElec  .         Dismiss  .     (no cloak)
rCorr  .         Reflect  .     r - +0 pair of gloves
SustAt .         Harm     .     (no boots)
MR     +....                    e - amulet of the gourmand
Stlth  ..........               (no ring)
                                l - ring of protection from magic

@: brilliant, somewhat resistant to hostile enchantments, extremely unstealthy
A: iridescent scales 1, cold resistance 1, freezing cloud immunity
a: Depart the Abyss, Bend Space, Banish, Renounce Religion


You were on level 5 of the Dungeon.
You worshipped Lugonu.
Lugonu was most pleased with you.
You were full.

You visited 1 branch of the dungeon, and saw 6 of its levels.
You visited the Abyss 1 time.
You also visited: Sewer.

You collected 201 gold pieces.

Inventory:

Hand Weapons
 y - a +0 war axe (weapon)
Armour
 f - a cursed +0 plate armour (worn)
 j - a +0 helmet (worn)
 r - a +0 pair of gloves (worn)
Jewellery
 e - an amulet of the gourmand (around neck)
 l - a ring of protection from magic (left hand)
Wands
 p - a wand of flame (44/48)
Scrolls
 g - 2 scrolls of teleportation {unknown}
 m - 4 scrolls of identify
 n - 2 scrolls of remove curse
 o - 2 scrolls of recharging
 t - 3 scrolls of magic mapping {unknown}
Potions
 b - a potion of brilliance
 h - a potion of curing
Books
 d - a book of Envenomations

   Spells                             Type                      Level
   a - Spider Form                    Transmutation/Poison         3
   b - Olgreb's Toxic Radiance        Poison                       4
   c - Alistair's Intoxication        Transmutation/Poison         5
   d - Poisonous Cloud                Conjuration/Poison/Air       6
Comestibles
 c - 3 bread rations
 k - a royal jelly
 q - 3 meat rations
 v - 2 fruits
 x - a beef jerky


   Skills:
 + Level 5.0 Fighting
 + Level 3.9 Axes
 * Level 6.0 Armour
 + Level 2.0 Dodging
 + Level 0.2 Stealth
 + Level 2.6 Invocations


You had 6 spell levels left.
You didn't know any spells.

Dungeon Overview and Level Annotations

Branches:
Dungeon (6/15)
 Temple: D:4-7

Altars:

Shops:
D:4 (

Annotations:
D:5 Pikel


Innate Abilities, Weirdness & Mutations

You are partially covered in iridescent scales (AC +4).
Your flesh is cold resistant.
You are immune to freezing clouds.


Message History

The slave hits something but does no damage.
The slave hits the plant!
The slave hits the plant but does no damage.
The big kobold hits the plant.
Press: ? - help, Shift-Dir - straight line, f/p - Pikel
Aim: Pikel, wielding a whip of electrocution and wearing a robe (chance to defeat MR: 81%)
You fail to use your ability.
Pikel hits you but does no damage.
You are electrocuted!
* * * LOW HITPOINT WARNING * * *
The slave hits the plant.
Something hits the plant but does no damage.
The kobold hits the plant but does no damage.
The slave hits the plant!
The kobold hits the plant with a club.
The slave hits the plant but does no damage.
The slave hits something but does no damage.
The big kobold hits the plant but does no damage.
Drink which item? (? for menu, Esc to quit)
You feel clever all of a sudden. Pikel hits you but does no damage.
You are electrocuted!
You die...

#### p♣. #.................. ...#
..P♣###.........#.###### ##.# P.
♣.K♣.##................# ##.## P#
#P♣pKP#.........#.####.# ##..# ♣.
#PPp♣##.............#.# ###.##
P####PKp♣#.......<#..#.#.#
###..###P. #PPpP##..............#
......##P♣####PK.#..............#
####.).#......)(@.............#.#
##......##.).................#
#[.###.###(#.#..##..§#.##.#.#
##.# #.# #(#.##.............# #.#
#.# #(#.##.#######.#.### #.# #.#
#.#..............# # #.# #.#
#.####.#.......##### #.###.#
#...##.#............ #..##.#
###.##.#..##########


You could see Pikel, a big kobold, 4 slaves and 2 kobolds.

Vanquished Creatures
  Eustachio (D:5)
  Blork the orc (D:5)
  A howler monkey (D:4)
  2 orc priests (D:5)
  A quasit (Abyss:3)
  A jelly (D:5)
  2 hounds
  A giant frog skeleton (D:4)
  2 iguanas
  3 orc wizards
  A worker ant (D:4)
  A hound skeleton (D:4)
  13 adders
  An ooze (D:3)
  An adder zombie (D:5)
  A worm (D:3)
  2 dart slugs
  3 giant geckos
  6 orcs
  7 bats
  7 giant cockroaches
  5 goblins
  5 hobgoblins
  5 jackals
  23 kobolds
  2 quokkas
  4 ball pythons
  10 giant newts
  9 rats
121 creatures vanquished.

Vanquished Creatures (others)
  A crimson imp (D:5)
1 creature vanquished.

Grand Total: 122 creatures vanquished

Notes
Turn   | Place    | Note
--------------------------------------------------------------
     0 | Abyss:1  | Gargoyl the Demonspawn Abyssal Knight began the quest for the Orb.
     0 | Abyss:1  | Reached XP level 1. HP: 18/18 MP: 2/2
    42 | Abyss:1  | Noticed a raiju
    44 | Abyss:1  | Noticed a raiju
    94 | Abyss:2  | Noticed a raiju
    95 | Abyss:2  | Noticed a raiju
   130 | Abyss:3  | Noticed a quasit
   138 | Abyss:3  | Noticed a tentacled starspawn
   140 | Abyss:3  | Killed a quasit
   140 | Abyss:3  | Reached skill level 2 in Armour
   140 | Abyss:3  | Reached skill level 1 in Dodging
   140 | Abyss:3  | Gained mutation: Your flesh is cold resistant. [demonic ancestry]
   140 | Abyss:3  | Reached XP level 2. HP: 8/24 MP: 3/3
   140 | Abyss:3  | Gained mutation: You are immune to freezing clouds. [demonic ancestry]
   140 | Abyss:3  | Reached XP level 3. HP: 10/29 MP: 4/4
   141 | D:1      | Escaped the Abyss
   493 | D:1      | Reached * piety under Lugonu
  1225 | D:2      | Gained mutation: You are partially covered in iridescent scales (AC +4). [demonic ancestry]
  1225 | D:2      | Reached XP level 4. HP: 37/37 MP: 5/5
  1941 | D:2      | Reached ** piety under Lugonu
  2356 | D:3      | Reached skill level 3 in Armour
  2360 | D:3      | Reached XP level 5. HP: 42/42 MP: 6/6
  2824 | D:4      | Found Fiyng's Antique Weapon Shoppe.
  2889 | D:4      | Found a glowing drain.
  2903 | Sewer    | Entered a sewer
  3179 | Sewer    | Reached *** piety under Lugonu
  3702 | D:4      | Reached skill level 4 in Armour
  3702 | D:4      | Reached XP level 6. HP: 46/49 MP: 7/7
  4540 | D:5      | Entered Level 5 of the Dungeon
  4794 | D:5      | Noticed Eustachio
  4821 | D:5      | Killed Eustachio
  4821 | D:5      | Reached skill level 5 in Armour
  4821 | D:5      | Reached XP level 7. HP: 18/55 MP: 8/8
  5351 | D:5      | Noticed Blork the orc
  5373 | D:5      | Killed Blork the orc
  5591 | D:5      | Reached skill level 5 in Fighting
  5925 | D:5      | Reached skill level 6 in Armour
  6006 | D:5      | Noticed Pikel
  6024 | D:5      | Slain by Pikel

Skill      XL: |  1  2  3  4  5  6  7 |
---------------+----------------------+-----
Axes           | 2 3 |  3.9
Armour         | 2 3 4 5 6 |  6.0
Dodging        | 1 2 |  2.0
Fighting       | 4 5 |  5.0
Stealth        | |  0.2
Invocations    | |  2.6

Action                   |  1- 3 |  4- 6 |  7- 9 || total
-------------------------+-------+-------+-------++-------
Melee: Hand axe          |    82 |   387 |    13 ||   482
       War axe           |       |       |    90 ||    90
Invok: Depart the Abyss  |     1 |       |       ||     1
       Banish            |       |       |     1 ||     1
  Use: Scroll            |     2 |     4 |       ||     6
       Potion            |       |     3 |     7 ||    10
  Eat: Chunk             |     7 |    14 |     4 ||    25
Armor: Chain mail        |    25 |       |       ||    25
       Leather armour    |     1 |       |       ||     1
       Plate armour      |    72 |   452 |    96 ||   620
Dodge: Dodged            |    24 |    87 |    25 ||   136
